[Event "12th Batavia Amsterdam 2020"]
[Site "Amsterdam"]
[Date "2020.02.21"]
[Round "1.2"]
[White "Zwirs, Nico"]
[Black "Van Haastert, Edwin"]
[Result "0-1"]
[ECO "C54"]
[WhiteElo "2443"]
[BlackElo "2438"]
[Annotator "NA"]
[PlyCount "62"]
[EventDate "2020.02.21"]
[EventType "tourn"]
[EventCountry "NED"]
[SourceTitle "playchess.com"]
[Source "ChessBase"]
[SourceQuality "1"]
[TimeControl "40/5400+30:1800+30"]

1. e4 e5 2. Nf3 Nc6 3. Bc4 Nf6 4. d3 Bc5 5. c3 a6 6. Nbd2 Ba7 7. h3 d6 8. Bb3 O-O 9. Nf1 d5 10. Qe2 Be6 11. Bg5 dxe4 12. dxe4 Bxb3 13. axb3 h6 14. Bh4 Qd6 15. Ne3 Bxe3 ({And not} 15... Nxe4 16. Nf5 $16 {[%mdl 64] Discovered Attack}) 16. Qxe3 Rad8 17. O-O Qe6 $11 18. Bxf6 Qxf6 19. Rfd1 Rxd1+ 20. Rxd1 Rd8 21. Rd5 Rxd5 22. exd5 Ne7 23. c4 Ng6 24. Qe4 b6 25. h4 a5 26. h5 Nf4 27. Nxe5 Nxh5 28. Nc6 Qxb2 29. Qe8+ Kh7 30. Qxf7 Nf6 31. Qxc7 Ng4 0-1

[Event "12th Batavia Amsterdam 2020"]
[Site "Amsterdam"]
[Date "2020.02.21"]
[Round "1.4"]
[White "Nijboer, Friso"]
[Black "Sukandar, Irine Kharisma"]
[Result "0-1"]
[ECO "B36"]
[WhiteElo "2469"]
[BlackElo "2408"]
[Annotator "ChessBase"]
[PlyCount "35"]
[EventDate "2020.02.21"]
[EventType "tourn"]
[EventCountry "NED"]
[SourceTitle "playchess.com"]
[Source "ChessBase"]
[SourceQuality "1"]
[TimeControl "40/5400+30:1800+30"]

1. e4 c5 2. Nf3 Nc6 3. d4 cxd4 4. Nxd4 g6 5. c4 Nf6 6. Nc3 d6 7. Be2 Nxd4 8. Qxd4 Bg7 9. Be3 O-O 10. Qd2 a5 11. O-O a4 12. f3 Qa5 13. Rab1 Be6 14. Rfc1 Rfc8 15. b4 axb3 16. axb3 Qb4 17. Rc2 Nd7 18. Na4 0-1

[Event "12th Batavia Amsterdam 2020"]
[Site "Amsterdam"]
[Date "2020.02.22"]
[Round "2.2"]
[White "Van Haastert, Edwin"]
[Black "Trent, Lawrence"]
[Result "1/2-1/2"]
[ECO "C84"]
[WhiteElo "2438"]
[BlackElo "2386"]
[Annotator "ChessBase"]
[PlyCount "56"]
[EventDate "2020.02.21"]
[EventType "tourn"]
[EventCountry "NED"]
[SourceTitle "playchess.com"]
[Source "ChessBase"]
[SourceQuality "1"]
[TimeControl "40/5400+30:1800+30"]

1. e4 e5 2. Nf3 Nc6 3. Bb5 a6 4. Ba4 Nf6 5. O-O Nxe4 6. d4 Be7 7. Qe2 b5 8. Bb3 d5 9. dxe5 Na5 10. Nbd2 Nxb3 11. axb3 Bb7 12. Nd4 Qd7 13. e6 fxe6 14. Nxe4 dxe4 15. Qh5+ g6 16. Qe5 O-O-O 17. Be3 Rhe8 18. Qxe6 Bc5 19. Qxd7+ Rxd7 20. c3 Bxd4 21. Bxd4 Re6 22. b4 Bd5 23. Rfe1 Kb7 24. Re3 Rde7 25. Bc5 Rd7 26. Bd4 Rde7 27. Bc5 Rd7 28. Bd4 Rde7 1/2-1/2

[Event "12th Batavia Amsterdam 2020"]
[Site "Amsterdam"]
[Date "2020.02.22"]
[Round "2.4"]
[White "Sukandar, Irine Kharisma"]
[Black "Bosboom, Manuel"]
[Result "0-1"]
[ECO "C41"]
[WhiteElo "2408"]
[BlackElo "2410"]
[Annotator "NA"]
[PlyCount "100"]
[EventDate "2020.02.21"]
[EventType "tourn"]
[EventCountry "NED"]
[SourceTitle "playchess.com"]
[Source "ChessBase"]
[SourceQuality "1"]
[TimeControl "40/5400+30:1800+30"]

1. e4 e5 2. Nf3 d6 3. d4 Nf6 4. dxe5 Nxe4 5. Qd5 Nc5 $1 6. Bg5 Be7 7. exd6 Qxd6 8. Nc3 h6 9. Be3 c6 10. Qxd6 Bxd6 11. O-O-O Be7 12. Bc4 Nba6 13. Rhe1 Be6 14. Bxa6 Nxa6 15. Nd4 Nc7 16. Nxe6 Nxe6 17. f4 g6 18. g4 Bh4 $16 19. Re2 O-O 20. f5 Ng5 21. Rd7 b6 22. Rd6 c5 23. fxg6 fxg6 24. Rxg6+ Kh7 25. Rd6 Rae8 26. Rd7+ Kg6 27. Bf4 Ne6 28. Nd5 Nxf4 29. Nxf4+ Kg5 30. Ne6+ Kxg4 31. Rd1 Kf3 32. Re5 Rg8 33. Rd3+ Kf2 34. Rf5+ Kg1 35. Nf4 Bg5 36. h4 Bxh4 37. Kd1 Re1+ 38. Kd2 Re4 39. Ne2+ Kh2 40. Rh5 Kg2 41. b3 Rge8 42. Kd1 Rf8 43. Rdd5 Rf1+ 44. Kd2 Rf2 45. Kd1 Rfxe2 46. Rxh4 Rxh4 47. Kxe2 Re4+ 48. Kd3 Rd4+ 49. Rxd4 cxd4 50. c4 dxc3 0-1

[Event "12th Batavia Amsterdam 2020"]
[Site "Amsterdam"]
[Date "2020.02.23"]
[Round "3.2"]
[White "Zwirs, Nico"]
[Black "Sukandar, Irine Kharisma"]
[Result "1-0"]
[ECO "B36"]
[WhiteElo "2443"]
[BlackElo "2408"]
[Annotator "ChessBase"]
[PlyCount "71"]
[EventDate "2020.02.21"]
[EventType "tourn"]
[EventCountry "NED"]
[SourceTitle "playchess.com"]
[Source "ChessBase"]
[SourceQuality "1"]
[TimeControl "40/5400+30:1800+30"]

1. e4 c5 2. Nf3 Nc6 3. d4 cxd4 4. Nxd4 g6 5. c4 Nf6 6. Nc3 d6 7. f3 Nxd4 8. Qxd4 Bg7 9. Be3 O-O 10. Qd2 Be6 11. Rc1 Qa5 12. b3 Rfc8 13. Be2 Rab8 14. Nd5 Qxd2+ 15. Kxd2 Nxd5 16. cxd5 Bd7 17. Bxa7 Rxc1 18. Rxc1 Ra8 19. Be3 Rxa2+ 20. Kd1 Ra1 21. g4 f5 22. Rxa1 Bxa1 23. exf5 gxf5 24. g5 Kf7 25. h4 e5 26. dxe6+ Bxe6 27. Kc2 Bd5 28. h5 Be5 29. f4 Bh8 30. Bc4 Ke6 31. Kd3 b5 32. Bxd5+ Kxd5 33. Bd2 Bb2 34. Bc3 Bc1 35. g6 hxg6 36. h6 1-0